[ AOE2 MATCH · #475009643 ]
UnrankedPersians vs Franks
[ REPLAY ANALYSIS · EXTRACTED FROM THE RECORDED GAME ]
Feudal
9:37
Castle
15:43
Imperial
28:35
| APM avg | 24.3 |
| APM peak | 78 |
| eAPM avg | 12.7 |
| Villagers / military | 141 / 232 |
Focus
⚔️ 32.1% · 🌾 67.9%
Archer ×145 · War Elephant ×81 · Monk ×2 · Bombard Cannon ×2 · Trebuchet (Packed) ×2 · Trade Cart ×1
Feudal
10:40
Castle
19:54
Imperial
33:38
| APM avg | 14.1 |
| APM peak | 66 |
| eAPM avg | 12.7 |
| Villagers / military | 145 / 189 |
Focus
⚔️ 43.9% · 🌾 56.1%
Knight ×182 · Trade Cart ×25 · Trebuchet (Packed) ×7
Feudal
13:23
Castle
18:03
Imperial
38:04
| APM avg | 21.4 |
| APM peak | 109 |
| eAPM avg | 9.5 |
| Villagers / military | 80 / 49 |
Focus
⚔️ 28.9% · 🌾 71.1%
Spearman ×34 · Conquistador ×14 · Monk ×1
Feudal
10:56
Castle
15:14
Imperial
31:43
| APM avg | 30.2 |
| APM peak | 82 |
| eAPM avg | 17.3 |
| Villagers / military | 129 / 263 |
Focus
⚔️ 41.3% · 🌾 58.7%
Mameluke ×102 · Scout Cavalry ×75 · Camel Scout ×40 · Spearman ×37 · Trebuchet (Packed) ×5 · Monk ×4
Feudal
11:06
Castle
17:05
Imperial
32:51
| APM avg | 15.3 |
| APM peak | 31 |
| eAPM avg | 11.7 |
| Villagers / military | 102 / 266 |
Focus
⚔️ 37.1% · 🌾 62.9%
Knight ×114 · Trade Cart ×66 · Camel Scout ×55 · Mangudai ×44 · Scout Cavalry ×31 · Spearman ×15
Feudal
11:02
Castle
16:17
Imperial
35:13
| APM avg | 16.8 |
| APM peak | 42 |
| eAPM avg | 12.4 |
| Villagers / military | 99 / 229 |
Focus
⚔️ 44.6% · 🌾 55.4%
Mangudai ×103 · Camel Scout ×103 · Scout Cavalry ×23
Feudal
12:28
Castle
19:09
Imperial
34:42
| APM avg | 29.7 |
| APM peak | 123 |
| eAPM avg | 27.7 |
| Villagers / military | 171 / 638 |
Focus
⚔️ 51.0% · 🌾 49.0%
Spearman ×286 · Huskarl ×269 · Militia ×66 · Trebuchet (Packed) ×9 · Skirmisher ×8
Feudal
10:56
Castle
25:49
Imperial
38:28
| APM avg | 38.1 |
| APM peak | 69 |
| eAPM avg | 19.7 |
| Villagers / military | 100 / 175 |
Focus
⚔️ 26.3% · 🌾 73.7%
Militia ×92 · Skirmisher ×24 · Spearman ×22 · Cavalry Archer ×14 · Kipchak ×10 · Archer ×6
Match map
Initial resources + every placement click. Lines = walls · curves = elevation contours. ◆ gold · ⬟ stone · ● berries · ✦ relic · ◌ wall gap
Your base· ✓ Closed at 15:43 · 0t walls · 3 gate(s)
XxjesulizxX's base· ✓ Closed at 19:54 · 0t walls · 2 gate(s)
changsel's base· ✓ Closed at 18:03 · 17t walls · 3 gate(s)
h1590's base· ✓ Closed at 15:14 · 0t walls · 3 gate(s)
MatteMaxiBoi's base· ✓ Closed at 17:05 · 0t walls · 2 gate(s)
boyar.siege's base· ✓ Closed at 16:17 · 0t walls · 2 gate(s)
826477292's base· ✓ Closed at 19:09 · 0t walls · 3 gate(s)
Winston's base· ✓ Closed at 25:49 · 0t walls · 2 gate(s)
Smoothed initial terrain · ◌ = detected wall gap · hover for details
Inputs per minute
— 不会玩 - - XxjesulizxX
Build order — 不会玩
First 150 of 433 actions detected
| 0:04 | Build | House |
| 0:06 | Build | House |
| 0:07 | Create | Villager (Male) |
| 0:08 | Create | Villager (Male) |
| 0:08 | Create | Villager (Male) |
| 0:08 | Create | Villager (Male) |
| 0:42 | Create | Villager (Male) |
| 1:33 | Create | Villager (Male) |
| 1:48 | Build | Lumber Camp |
| 2:07 | Create | Villager (Male) |
| 2:23 | Create | Villager (Male) |
| 2:55 | Create | Villager (Male) |
| 3:03 | Build | House |
| 3:18 | Create | Villager (Male) |
| 3:47 | Create | Villager (Male) |
| 4:15 | Create | Villager (Male) |
| 4:37 | Create | Villager (Male) |
| 4:37 | Create | Villager (Male) |
| 4:44 | Build | House |
| 5:23 | Create | Villager (Male) |
| 5:33 | Create | Villager (Male) |
| 5:46 | Build | Mill |
| 6:45 | Create | Villager (Male) |
| 7:08 | Create | Villager (Male) |
| 7:19 | Build | House |
| 7:24 | Build | House |
| 7:32 | Research | Feudal Age |
| 9:15 | Create | Villager (Male) |
| 9:37 | Age | Feudal Age |
| 9:48 | Build | Blacksmith |
| 9:58 | Build | Lumber Camp |
| 10:03 | Build | Mining Camp |
| 10:09 | Create | Villager (Male) |
| 10:36 | Create | Villager (Male) |
| 10:49 | Build | Market |
| 11:02 | Create | Villager (Male) |
| 11:24 | Build | House |
| 11:31 | Create | Villager (Male) |
| 11:44 | Build | Farm |
| 11:44 | Build | Farm |
| 11:47 | Build | Farm |
| 11:56 | Create | Villager (Male) |
| 11:59 | Build | Farm |
| 12:13 | Build | House |
| 12:28 | Build | Farm |
| 12:32 | Create | Villager (Male) |
| 12:35 | Build | Farm |
| 13:00 | Build | Farm |
| 13:18 | Research | Castle Age |
| 13:51 | Build | Mining Camp |
| 13:59 | Create | Trade Cart |
| 14:00 | Research | Double-Bit Axe |
| 14:15 | Build | Barracks |
| 14:23 | Research | Horse Collar |
| 15:07 | Research | Wheelbarrow |
| 15:25 | Build | Stable |
| 15:43 | Age | Castle Age |
| 15:50 | Build | Town Center |
| 16:23 | Build | Monastery |
| 17:01 | Create | Villager (Male) |
| 17:06 | Create | Villager (Male) |
| 17:10 | Create | Monk |
| 17:26 | Create | Villager (Male) |
| 17:31 | Build | Farm |
| 17:35 | Create | Villager (Male) |
| 17:48 | Build | House |
| 17:50 | Build | House |
| 17:59 | Build | Farm |
| 18:12 | Create | Villager (Male) |
| 18:12 | Create | Villager (Male) |
| 18:14 | Create | Villager (Male) |
| 18:14 | Create | Villager (Male) |
| 18:37 | Build | Farm |
| 18:41 | Build | Farm |
| 18:42 | Create | Villager (Male) |
| 18:44 | Create | Villager (Male) |
| 18:52 | Build | House |
| 18:53 | Build | House |
| 18:56 | Build | House |
| 19:02 | Build | Farm |
| 19:03 | Create | Villager (Male) |
| 19:07 | Build | Farm |
| 19:21 | Create | Villager (Male) |
| 19:25 | Build | Farm |
| 19:29 | Build | Farm |
| 19:29 | Create | Villager (Male) |
| 19:30 | Create | Villager (Male) |
| 19:45 | Research | Stone Mining |
| 19:50 | Build | Farm |
| 19:51 | Create | Villager (Male) |
| 20:08 | Build | Farm |
| 20:09 | Create | Villager (Male) |
| 20:11 | Create | Villager (Male) |
| 20:21 | Build | House |
| 20:26 | Create | Villager (Male) |
| 20:30 | Build | Farm |
| 20:49 | Create | Villager (Male) |
| 20:52 | Build | Farm |
| 20:57 | Build | House |
| 21:15 | Build | Town Center |
| 21:21 | Create | Villager (Male) |
| 21:22 | Create | Villager (Male) |
| 21:24 | Create | Villager (Male) |
| 21:34 | Build | University |
| 21:44 | Create | Villager (Male) |
| 21:46 | Research | Gold Mining |
| 21:51 | Build | Farm |
| 21:53 | Create | Villager (Male) |
| 21:54 | Create | Villager (Male) |
| 22:16 | Build | Farm |
| 22:20 | Create | Villager (Male) |
| 22:21 | Create | Villager (Male) |
| 22:34 | Build | Farm |
| 22:45 | Build | House |
| 23:25 | Build | House |
| 23:28 | Create | Villager (Male) |
| 23:28 | Create | Villager (Male) |
| 23:30 | Create | Villager (Male) |
| 23:35 | Create | Villager (Male) |
| 23:41 | Research | Bow Saw |
| 23:43 | Create | Villager (Male) |
| 23:45 | Create | Villager (Male) |
| 23:46 | Create | Villager (Male) |
| 23:47 | Create | Villager (Male) |
| 23:55 | Build | Farm |
| 24:02 | Build | Farm |
| 24:03 | Create | Villager (Male) |
| 24:06 | Build | House |
| 24:07 | Build | House |
| 24:09 | Build | House |
| 24:21 | Build | Castle |
| 24:27 | Build | Farm |
| 24:43 | Build | Farm |
| 24:48 | Create | Villager (Male) |
| 24:49 | Create | Villager (Male) |
| 24:59 | Build | Town Center |
| 25:04 | Build | Farm |
| 25:35 | Build | House |
| 25:36 | Build | House |
| 25:40 | Build | House |
| 25:40 | Build | House |
| 25:41 | Build | House |
| 25:50 | Research | Imperial Age |
| 26:10 | Create | Villager (Male) |
| 26:12 | Create | Villager (Male) |
| 26:18 | Build | Farm |
| 26:22 | Build | Lumber Camp |
| 26:27 | Build | Mining Camp |
| 26:33 | Create | War Elephant |
| 26:38 | Build | Farm |
Build order — XxjesulizxX
First 150 of 542 actions detected
| 0:04 | Research | Loom |
| 0:26 | Build | House |
| 0:27 | Build | House |
| 0:29 | Build | House |
| 0:42 | Create | Villager (Male) |
| 0:42 | Create | Villager (Male) |
| 0:43 | Create | Villager (Male) |
| 0:43 | Create | Villager (Male) |
| 0:43 | Create | Villager (Male) |
| 0:44 | Create | Villager (Male) |
| 1:54 | Create | Villager (Male) |
| 2:28 | Create | Villager (Male) |
| 2:57 | Build | Mill |
| 3:05 | Create | Villager (Male) |
| 3:24 | Create | Villager (Male) |
| 3:51 | Create | Villager (Male) |
| 4:41 | Build | Lumber Camp |
| 4:45 | Create | Villager (Male) |
| 4:46 | Create | Villager (Male) |
| 4:47 | Create | Villager (Male) |
| 5:18 | Create | Villager (Male) |
| 5:18 | Create | Villager (Male) |
| 5:19 | Create | Villager (Male) |
| 5:19 | Create | Villager (Male) |
| 5:19 | Create | Villager (Male) |
| 6:38 | Build | House |
| 6:46 | Create | Villager (Male) |
| 6:46 | Create | Villager (Male) |
| 6:46 | Create | Villager (Male) |
| 6:47 | Create | Villager (Male) |
| 8:23 | Research | Feudal Age |
| 9:14 | Build | Mining Camp |
| 9:30 | Build | House |
| 9:44 | Build | House |
| 10:40 | Age | Feudal Age |
| 10:41 | Research | Wheelbarrow |
| 10:42 | Research | Wheelbarrow |
| 10:48 | Research | Double-Bit Axe |
| 11:15 | Research | Gold Mining |
| 11:18 | Create | Villager (Male) |
| 11:18 | Create | Villager (Male) |
| 11:18 | Create | Villager (Male) |
| 11:18 | Create | Villager (Male) |
| 11:19 | Create | Villager (Male) |
| 11:19 | Create | Villager (Male) |
| 11:19 | Create | Villager (Male) |
| 11:54 | Build | Farm |
| 11:58 | Build | Farm |
| 12:01 | Build | Farm |
| 12:04 | Build | Farm |
| 13:54 | Build | Market |
| 14:00 | Build | Blacksmith |
| 14:05 | Create | Villager (Male) |
| 14:05 | Create | Villager (Male) |
| 14:05 | Create | Villager (Male) |
| 14:06 | Create | Villager (Male) |
| 14:06 | Create | Villager (Male) |
| 14:06 | Create | Villager (Male) |
| 14:06 | Create | Villager (Male) |
| 14:07 | Create | Villager (Male) |
| 14:34 | Build | Farm |
| 14:41 | Build | Farm |
| 14:44 | Build | Farm |
| 14:50 | Build | Farm |
| 15:01 | Build | Farm |
| 15:25 | Build | Farm |
| 15:53 | Build | Farm |
| 16:01 | Build | Farm |
| 16:11 | Build | Farm |
| 16:14 | Build | Farm |
| 16:17 | Build | Farm |
| 16:21 | Build | Farm |
| 16:34 | Create | Villager (Male) |
| 16:40 | Build | Farm |
| 17:14 | Research | Castle Age |
| 17:16 | Build | Farm |
| 17:28 | Build | House |
| 17:30 | Build | House |
| 17:32 | Build | House |
| 17:33 | Build | House |
| 17:35 | Build | House |
| 17:36 | Build | House |
| 17:41 | Research | Stone Mining |
| 19:54 | Age | Castle Age |
| 19:59 | Research | Hand Cart |
| 20:05 | Build | Town Center |
| 20:14 | Build | Town Center |
| 20:40 | Build | Town Center |
| 20:56 | Create | Villager (Male) |
| 20:57 | Create | Villager (Male) |
| 20:57 | Create | Villager (Male) |
| 20:57 | Create | Villager (Male) |
| 20:58 | Create | Villager (Male) |
| 20:58 | Create | Villager (Male) |
| 20:58 | Create | Villager (Male) |
| 20:58 | Create | Villager (Male) |
| 20:58 | Create | Villager (Male) |
| 20:58 | Create | Villager (Male) |
| 20:59 | Create | Villager (Male) |
| 20:59 | Create | Villager (Male) |
| 21:24 | Build | Barracks |
| 21:49 | Research | Bow Saw |
| 22:29 | Build | Stable |
| 22:49 | Create | Villager (Male) |
| 22:50 | Create | Villager (Male) |
| 22:50 | Create | Villager (Male) |
| 22:50 | Create | Villager (Male) |
| 22:50 | Create | Villager (Male) |
| 23:26 | Create | Knight |
| 23:26 | Create | Knight |
| 23:38 | Create | Villager (Male) |
| 23:39 | Create | Villager (Male) |
| 23:39 | Create | Villager (Male) |
| 23:42 | Create | Villager (Male) |
| 23:43 | Create | Villager (Male) |
| 23:46 | Research | Forging |
| 23:48 | Research | Scale Barding Armor |
| 23:48 | Research | Scale Mail Armor |
| 24:10 | Research | Town Watch |
| 24:11 | Create | Villager (Male) |
| 24:11 | Create | Villager (Male) |
| 24:11 | Create | Villager (Male) |
| 24:11 | Create | Villager (Male) |
| 24:12 | Create | Villager (Male) |
| 24:12 | Create | Villager (Male) |
| 24:12 | Create | Villager (Male) |
| 24:29 | Create | Villager (Male) |
| 24:29 | Create | Villager (Male) |
| 24:29 | Create | Villager (Male) |
| 24:38 | Create | Villager (Male) |
| 24:38 | Create | Villager (Male) |
| 24:38 | Create | Villager (Male) |
| 24:44 | Create | Villager (Male) |
| 24:44 | Create | Villager (Male) |
| 24:44 | Create | Villager (Male) |
| 24:44 | Create | Villager (Male) |
| 24:51 | Build | Farm |
| 25:04 | Build | Farm |
| 25:08 | Build | Farm |
| 25:12 | Build | Farm |
| 25:18 | Build | Farm |
| 25:22 | Build | Farm |
| 25:26 | Create | Villager (Male) |
| 25:26 | Create | Villager (Male) |
| 25:27 | Create | Villager (Male) |
| 25:27 | Create | Villager (Male) |
| 25:27 | Create | Villager (Male) |
| 25:27 | Create | Villager (Male) |
| 25:28 | Create | Villager (Male) |
| 25:34 | Build | Farm |
Build order — changsel
First 150 of 258 actions detected
| 0:08 | Build | House |
| 0:09 | Create | Villager (Male) |
| 0:09 | Create | Villager (Male) |
| 0:33 | Create | Villager (Male) |
| 0:33 | Create | Villager (Male) |
| 1:16 | Build | House |
| 1:50 | Create | Villager (Male) |
| 1:51 | Create | Villager (Male) |
| 2:21 | Create | Villager (Male) |
| 2:27 | Research | Loom |
| 2:49 | Create | Villager (Male) |
| 3:28 | Create | Villager (Male) |
| 3:38 | Create | Villager (Male) |
| 3:39 | Create | Villager (Male) |
| 3:39 | Create | Villager (Male) |
| 4:10 | Create | Villager (Male) |
| 4:10 | Create | Villager (Male) |
| 4:11 | Create | Villager (Male) |
| 4:58 | Build | House |
| 4:59 | Build | House |
| 5:01 | Build | House |
| 5:32 | Create | Villager (Male) |
| 5:32 | Create | Villager (Male) |
| 5:33 | Create | Villager (Male) |
| 5:33 | Create | Villager (Male) |
| 5:33 | Create | Villager (Male) |
| 6:32 | Build | House |
| 6:34 | Build | House |
| 6:42 | Create | Villager (Male) |
| 6:42 | Create | Villager (Male) |
| 6:43 | Create | Villager (Male) |
| 6:43 | Create | Villager (Male) |
| 7:24 | Create | Villager (Male) |
| 7:27 | Build | Mining Camp |
| 8:18 | Create | Villager (Male) |
| 8:18 | Create | Villager (Male) |
| 8:28 | Build | Mill |
| 9:37 | Build | Farm |
| 9:38 | Build | Farm |
| 9:45 | Build | Farm |
| 9:49 | Build | Farm |
| 10:41 | Build | Lumber Camp |
| 11:13 | Research | Feudal Age |
| 11:41 | Create | Villager (Male) |
| 11:42 | Create | Villager (Male) |
| 11:42 | Create | Villager (Male) |
| 12:40 | Build | Outpost |
| 13:23 | Age | Feudal Age |
| 13:38 | Build | Market |
| 13:46 | Build | Mining Camp |
| 14:49 | Build | Blacksmith |
| 14:58 | Research | Town Watch |
| 15:09 | Research | Double-Bit Axe |
| 15:18 | Research | Castle Age |
| 15:54 | Build | Mining Camp |
| 16:03 | Create | Villager (Male) |
| 16:03 | Create | Villager (Male) |
| 16:50 | Build | Lumber Camp |
| 17:19 | Build | Stone Wall |
| 17:43 | Research | Horse Collar |
| 18:03 | Age | Castle Age |
| 18:41 | Create | Villager (Male) |
| 18:42 | Create | Villager (Male) |
| 18:45 | Research | Bow Saw |
| 18:48 | Research | Stone Mining |
| 19:01 | Create | Villager (Male) |
| 19:02 | Create | Villager (Male) |
| 19:39 | Build | Stone Wall |
| 19:57 | Build | Stone Wall |
| 20:11 | Research | Heavy Plow |
| 21:54 | Build | Castle |
| 22:11 | Research | Fletching |
| 22:17 | Research | Stone Shaft Mining |
| 22:35 | Build | Farm |
| 22:35 | Build | Farm |
| 22:35 | Build | Farm |
| 22:36 | Build | Farm |
| 22:36 | Build | Farm |
| 22:36 | Build | Farm |
| 22:37 | Build | Farm |
| 22:37 | Build | Farm |
| 22:37 | Build | Farm |
| 22:38 | Build | Farm |
| 22:38 | Build | Farm |
| 22:38 | Build | Farm |
| 22:38 | Build | Farm |
| 22:39 | Build | Farm |
| 22:39 | Build | Farm |
| 22:39 | Build | Farm |
| 22:40 | Build | Farm |
| 22:40 | Build | Farm |
| 22:40 | Build | Farm |
| 22:41 | Build | Farm |
| 22:50 | Create | Villager (Male) |
| 22:51 | Create | Villager (Male) |
| 23:07 | Build | Monastery |
| 23:25 | Build | Stone Wall |
| 23:37 | Create | Monk |
| 23:50 | Build | Town Center |
| 24:42 | Build | Stone Wall |
| 24:55 | Create | Conquistador |
| 24:55 | Create | Conquistador |
| 24:55 | Create | Conquistador |
| 24:56 | Create | Conquistador |
| 25:10 | Create | Villager (Male) |
| 25:10 | Create | Villager (Male) |
| 25:10 | Create | Villager (Male) |
| 25:11 | Create | Villager (Male) |
| 25:12 | Create | Villager (Male) |
| 25:12 | Create | Villager (Male) |
| 25:25 | Create | Villager (Male) |
| 25:25 | Create | Villager (Male) |
| 26:05 | Build | Town Center |
| 26:09 | Research | Gold Mining |
| 26:20 | Create | Villager (Male) |
| 26:20 | Create | Villager (Male) |
| 27:04 | Build | Gate |
| 27:27 | Build | Stone Wall |
| 27:35 | Build | Stone Wall |
| 27:43 | Create | Villager (Male) |
| 27:43 | Create | Villager (Male) |
| 27:44 | Create | Villager (Male) |
| 27:48 | Research | Wheelbarrow |
| 27:57 | Build | Mining Camp |
| 28:13 | Create | Villager (Male) |
| 28:13 | Create | Villager (Male) |
| 28:14 | Create | Villager (Male) |
| 28:14 | Create | Villager (Male) |
| 28:22 | Create | Villager (Male) |
| 28:48 | Create | Villager (Male) |
| 28:48 | Create | Villager (Male) |
| 28:48 | Create | Villager (Male) |
| 29:03 | Build | Farm |
| 29:04 | Build | Farm |
| 29:04 | Build | Farm |
| 29:04 | Build | Farm |
| 29:04 | Build | Farm |
| 29:05 | Build | Farm |
| 29:05 | Build | Farm |
| 29:05 | Build | Farm |
| 29:06 | Build | Farm |
| 29:06 | Build | Farm |
| 29:06 | Build | Farm |
| 29:06 | Build | Farm |
| 29:07 | Build | Farm |
| 29:12 | Create | Villager (Male) |
| 29:12 | Create | Villager (Male) |
| 29:57 | Create | Conquistador |
| 29:57 | Create | Conquistador |
| 29:58 | Create | Conquistador |
Build order — h1590
First 150 of 560 actions detected
| 0:03 | Create | Villager (Male) |
| 0:03 | Create | Villager (Male) |
| 0:04 | Create | Villager (Male) |
| 0:04 | Create | Villager (Male) |
| 0:04 | Create | Villager (Male) |
| 0:06 | Build | House |
| 0:08 | Build | House |
| 1:27 | Create | Villager (Male) |
| 2:02 | Create | Villager (Male) |
| 2:26 | Create | Villager (Male) |
| 2:26 | Create | Villager (Male) |
| 2:40 | Build | House |
| 2:45 | Build | Lumber Camp |
| 3:01 | Create | Villager (Male) |
| 3:01 | Create | Villager (Male) |
| 3:20 | Create | Villager (Male) |
| 3:20 | Create | Villager (Male) |
| 3:27 | Build | House |
| 3:58 | Create | Villager (Male) |
| 4:25 | Build | Mill |
| 4:33 | Create | Villager (Male) |
| 4:34 | Create | Villager (Male) |
| 4:59 | Create | Villager (Male) |
| 4:59 | Create | Villager (Male) |
| 5:22 | Create | Villager (Male) |
| 5:22 | Create | Villager (Male) |
| 5:42 | Create | Villager (Male) |
| 5:43 | Create | Villager (Male) |
| 5:43 | Create | Villager (Male) |
| 6:25 | Create | Villager (Male) |
| 6:26 | Create | Villager (Male) |
| 6:38 | Create | Villager (Male) |
| 7:34 | Create | Villager (Male) |
| 7:56 | Build | Mining Camp |
| 8:21 | Research | Loom |
| 8:42 | Research | Feudal Age |
| 9:28 | Build | House |
| 9:37 | Build | House |
| 9:38 | Build | House |
| 10:56 | Age | Feudal Age |
| 10:59 | Build | Blacksmith |
| 11:06 | Build | Market |
| 11:20 | Create | Villager (Male) |
| 11:25 | Build | Farm |
| 11:30 | Build | Farm |
| 11:56 | Build | Farm |
| 12:06 | Build | Farm |
| 12:10 | Build | Farm |
| 12:30 | Build | Farm |
| 12:32 | Build | Farm |
| 12:34 | Research | Castle Age |
| 14:08 | Research | Double-Bit Axe |
| 14:12 | Research | Horse Collar |
| 15:14 | Age | Castle Age |
| 15:18 | Build | House |
| 15:20 | Build | House |
| 15:22 | Create | Villager (Male) |
| 15:22 | Create | Villager (Male) |
| 15:29 | Build | Town Center |
| 15:41 | Create | Villager (Male) |
| 16:16 | Build | Monastery |
| 16:23 | Create | Villager (Male) |
| 16:23 | Create | Villager (Male) |
| 16:35 | Create | Villager (Male) |
| 16:52 | Create | Villager (Male) |
| 16:56 | Create | Villager (Male) |
| 16:56 | Create | Villager (Male) |
| 16:58 | Create | Villager (Male) |
| 17:02 | Create | Villager (Male) |
| 17:08 | Build | Town Center |
| 17:19 | Build | House |
| 17:21 | Create | Monk |
| 17:34 | Create | Villager (Male) |
| 17:38 | Create | Villager (Male) |
| 17:41 | Create | Villager (Male) |
| 18:05 | Build | University |
| 18:10 | Create | Villager (Male) |
| 18:12 | Create | Villager (Male) |
| 18:20 | Create | Villager (Male) |
| 18:28 | Create | Villager (Male) |
| 18:49 | Create | Villager (Male) |
| 18:49 | Create | Villager (Male) |
| 18:56 | Build | Farm |
| 19:00 | Build | Farm |
| 19:04 | Build | Farm |
| 19:09 | Create | Villager (Male) |
| 19:37 | Create | Villager (Male) |
| 19:42 | Create | Villager (Male) |
| 19:52 | Create | Villager (Male) |
| 19:57 | Build | Farm |
| 19:58 | Build | Farm |
| 20:00 | Build | Farm |
| 20:07 | Create | Villager (Male) |
| 20:33 | Build | Farm |
| 20:37 | Build | Farm |
| 20:53 | Create | Villager (Male) |
| 20:53 | Create | Villager (Male) |
| 20:55 | Create | Villager (Male) |
| 20:56 | Create | Villager (Male) |
| 21:04 | Build | Farm |
| 21:10 | Build | Farm |
| 21:11 | Build | Farm |
| 21:15 | Build | Farm |
| 21:16 | Create | Villager (Male) |
| 21:19 | Create | Villager (Male) |
| 21:39 | Create | Villager (Male) |
| 21:41 | Create | Villager (Male) |
| 21:48 | Build | Barracks |
| 21:54 | Build | Farm |
| 21:57 | Build | Farm |
| 22:01 | Create | Villager (Male) |
| 22:04 | Create | Villager (Male) |
| 22:07 | Build | Farm |
| 22:09 | Build | Farm |
| 22:12 | Create | Villager (Male) |
| 22:28 | Build | Castle |
| 22:32 | Create | Spearman |
| 22:42 | Build | Farm |
| 22:51 | Create | Villager (Male) |
| 22:52 | Create | Villager (Male) |
| 23:09 | Create | Villager (Male) |
| 23:09 | Create | Villager (Male) |
| 23:11 | Create | Villager (Male) |
| 23:12 | Create | Villager (Male) |
| 23:22 | Create | Villager (Male) |
| 23:26 | Research | Gold Mining |
| 23:52 | Build | Mining Camp |
| 24:01 | Build | Farm |
| 24:04 | Create | Villager (Male) |
| 24:07 | Create | Villager (Male) |
| 24:12 | Build | Farm |
| 24:23 | Build | Farm |
| 24:29 | Create | Villager (Male) |
| 24:30 | Create | Villager (Male) |
| 24:32 | Create | Villager (Male) |
| 24:35 | Create | Villager (Male) |
| 24:35 | Create | Villager (Male) |
| 24:41 | Build | Farm |
| 24:46 | Build | Farm |
| 24:52 | Build | Farm |
| 24:54 | Create | Villager (Male) |
| 24:57 | Create | Villager (Male) |
| 25:03 | Research | Bow Saw |
| 25:09 | Create | Villager (Male) |
| 25:10 | Create | Villager (Male) |
| 25:11 | Create | Villager (Male) |
| 25:12 | Create | Villager (Male) |
| 25:52 | Create | Villager (Male) |
| 25:53 | Create | Villager (Male) |
| 25:56 | Create | Villager (Male) |
Build order — MatteMaxiBoi
First 150 of 433 actions detected
| 0:04 | Create | Villager (Male) ×4 |
| 0:08 | Build | House |
| 0:12 | Build | House |
| 1:38 | Create | Villager (Male) |
| 1:38 | Create | Villager (Male) |
| 2:09 | Create | Villager (Male) |
| 2:16 | Build | Lumber Camp |
| 2:23 | Create | Villager (Male) |
| 2:23 | Create | Villager (Male) |
| 3:00 | Create | Villager (Male) |
| 3:19 | Create | Villager (Male) |
| 3:56 | Create | Villager (Male) |
| 4:07 | Create | Villager (Male) |
| 4:07 | Create | Villager (Male) |
| 4:15 | Build | House |
| 4:44 | Create | Villager (Male) |
| 4:44 | Create | Villager (Male) |
| 4:54 | Build | Mill |
| 5:04 | Create | Villager (Male) ×2 |
| 5:04 | Create | Villager (Male) ×2 |
| 5:19 | Build | House |
| 5:26 | Create | Villager (Male) |
| 5:48 | Create | Villager (Male) |
| 6:02 | Create | Villager (Male) |
| 6:03 | Create | Villager (Male) |
| 6:46 | Create | Villager (Male) |
| 6:54 | Create | Villager (Male) ×2 |
| 7:47 | Create | Villager (Male) ×5 |
| 8:37 | Research | Feudal Age |
| 9:05 | Build | House |
| 9:06 | Build | House |
| 9:15 | Build | Mining Camp |
| 9:37 | Build | Barracks |
| 9:44 | Create | Villager (Male) ×5 |
| 9:56 | Build | Farm |
| 9:59 | Build | Farm |
| 10:03 | Build | Farm |
| 10:06 | Build | Farm |
| 10:28 | Build | Farm |
| 11:06 | Age | Feudal Age |
| 11:11 | Research | Double-Bit Axe |
| 11:23 | Build | House |
| 11:51 | Research | Horse Collar |
| 11:56 | Build | House |
| 11:57 | Build | House |
| 12:39 | Build | Stable |
| 12:50 | Build | Farm |
| 12:53 | Create | Villager (Male) |
| 13:25 | Create | Villager (Male) |
| 13:38 | Build | Blacksmith |
| 13:54 | Research | Bloodlines |
| 14:11 | Build | Lumber Camp |
| 14:14 | Build | Farm |
| 14:25 | Research | Castle Age |
| 14:31 | Build | House |
| 14:32 | Build | House |
| 14:43 | Create | Scout Cavalry |
| 15:25 | Build | Stable |
| 15:33 | Create | Scout Cavalry |
| 15:35 | Create | Villager (Male) |
| 16:08 | Build | Stable |
| 16:09 | Build | Stable |
| 16:15 | Research | Scale Barding Armor |
| 17:01 | Create | Villager (Male) |
| 17:05 | Age | Castle Age |
| 17:35 | Build | Farm |
| 17:48 | Build | Market |
| 18:06 | Research | Light Cavalry (upgrade) |
| 18:21 | Build | Farm |
| 18:29 | Create | Villager (Male) |
| 18:29 | Create | Villager (Male) |
| 18:30 | Create | Villager (Male) |
| 18:37 | Build | Farm |
| 18:37 | Build | Farm |
| 18:38 | Build | Farm |
| 18:38 | Build | Farm |
| 18:40 | Build | Farm |
| 18:41 | Build | Farm |
| 18:42 | Build | Farm |
| 18:54 | Build | Market |
| 18:55 | Build | Market |
| 19:03 | Build | Mill |
| 19:10 | Create | Villager (Male) ×2 |
| 20:19 | Build | Castle |
| 20:27 | Build | Farm |
| 20:27 | Build | Farm |
| 20:30 | Build | Farm |
| 20:52 | Create | Scout Cavalry |
| 20:52 | Create | Scout Cavalry |
| 21:07 | Research | Wheelbarrow |
| 21:16 | Build | Farm |
| 21:26 | Create | Villager (Male) ×2 |
| 21:47 | Create | Villager (Male) ×3 |
| 22:55 | Research | Hand Cart |
| 22:59 | Build | Farm |
| 23:07 | Create | Scout Cavalry |
| 23:07 | Create | Scout Cavalry |
| 23:11 | Create | Villager (Male) |
| 23:37 | Create | Scout Cavalry |
| 23:38 | Create | Scout Cavalry |
| 23:44 | Create | Villager (Male) |
| 23:57 | Create | Trade Cart |
| 24:05 | Build | House |
| 24:05 | Build | House |
| 24:06 | Build | House |
| 24:07 | Build | House |
| 24:08 | Build | House |
| 24:17 | Create | Mangudai |
| 24:27 | Create | Scout Cavalry |
| 24:28 | Create | Scout Cavalry |
| 24:31 | Create | Villager (Male) |
| 24:38 | Research | Bow Saw |
| 24:57 | Create | Mangudai |
| 25:35 | Create | Mangudai |
| 25:35 | Create | Mangudai |
| 25:52 | Create | Villager (Male) |
| 26:15 | Research | Chain Barding Armor |
| 26:18 | Research | Forging |
| 26:28 | Create | Trade Cart |
| 26:37 | Build | Mining Camp |
| 26:40 | Create | Villager (Male) |
| 26:48 | Create | Mangudai |
| 26:48 | Create | Mangudai |
| 27:14 | Create | Villager (Male) |
| 27:27 | Research | Gold Mining |
| 27:30 | Create | Villager (Male) |
| 28:02 | Create | Villager (Male) |
| 28:05 | Build | Farm |
| 28:19 | Build | Mining Camp |
| 28:21 | Create | Villager (Male) |
| 28:36 | Research | Nomads |
| 28:44 | Build | Farm |
| 28:46 | Create | Villager (Male) |
| 28:49 | Build | Farm |
| 29:19 | Create | Scout Cavalry |
| 29:19 | Create | Scout Cavalry |
| 29:19 | Create | Scout Cavalry |
| 29:22 | Create | Mangudai |
| 29:22 | Create | Mangudai |
| 29:22 | Create | Mangudai |
| 29:27 | Build | Farm |
| 29:42 | Research | Imperial Age |
| 29:47 | Build | Farm |
| 30:02 | Create | Scout Cavalry |
| 30:02 | Create | Scout Cavalry |
| 30:07 | Create | Mangudai |
| 30:17 | Create | Petard |
| 30:19 | Create | Petard |
| 30:47 | Create | Villager (Male) |
| 31:18 | Create | Mangudai |
Build order — boyar.siege
First 150 of 334 actions detected
| 0:04 | Build | House |
| 0:05 | Build | House |
| 0:06 | Create | Villager (Male) |
| 0:07 | Create | Villager (Male) |
| 0:33 | Create | Villager (Male) |
| 0:33 | Create | Villager (Male) |
| 0:34 | Create | Villager (Male) |
| 1:32 | Create | Villager (Male) |
| 1:54 | Create | Villager (Male) |
| 2:13 | Create | Villager (Male) |
| 2:45 | Create | Villager (Male) |
| 2:48 | Build | House |
| 3:16 | Create | Villager (Male) |
| 3:44 | Create | Villager (Male) |
| 4:09 | Create | Villager (Male) |
| 4:14 | Build | Mill |
| 4:26 | Build | Lumber Camp |
| 4:33 | Create | Villager (Male) |
| 4:34 | Create | Villager (Male) |
| 4:59 | Create | Villager (Male) |
| 4:59 | Create | Villager (Male) |
| 6:10 | Create | Villager (Male) |
| 6:11 | Create | Villager (Male) |
| 6:16 | Build | House |
| 6:28 | Build | House |
| 6:49 | Create | Villager (Male) |
| 7:18 | Create | Villager (Male) |
| 7:56 | Create | Villager (Male) |
| 8:05 | Create | Villager (Male) |
| 8:15 | Research | Feudal Age |
| 9:00 | Build | Mining Camp |
| 10:03 | Create | Villager (Male) |
| 10:03 | Create | Villager (Male) |
| 10:30 | Build | Mill |
| 10:40 | Build | House |
| 11:02 | Age | Feudal Age |
| 11:49 | Create | Villager (Male) |
| 12:04 | Create | Villager (Male) |
| 12:22 | Create | Villager (Male) |
| 12:27 | Build | Blacksmith |
| 12:38 | Build | Market |
| 12:57 | Create | Villager (Male) |
| 13:37 | Research | Castle Age |
| 13:46 | Build | Farm |
| 13:47 | Build | Farm |
| 13:51 | Build | Farm |
| 13:53 | Build | Farm |
| 13:54 | Build | Farm |
| 13:56 | Build | Farm |
| 13:57 | Build | Farm |
| 13:59 | Build | Farm |
| 14:08 | Build | Farm |
| 14:09 | Build | Farm |
| 14:13 | Build | Farm |
| 14:18 | Research | Horse Collar |
| 14:36 | Build | Mining Camp |
| 14:50 | Research | Gold Mining |
| 14:58 | Research | Stone Mining |
| 15:49 | Research | Gold Mining |
| 15:54 | Create | Villager (Male) |
| 15:56 | Create | Villager (Male) |
| 16:17 | Age | Castle Age |
| 16:21 | Build | Town Center |
| 16:42 | Build | House |
| 16:44 | Build | House |
| 16:55 | Create | Villager (Male) |
| 17:19 | Create | Villager (Male) |
| 17:32 | Create | Villager (Male) |
| 17:32 | Create | Villager (Male) |
| 17:36 | Create | Villager (Male) |
| 18:06 | Create | Villager (Male) |
| 18:06 | Create | Villager (Male) |
| 18:31 | Build | Farm |
| 18:33 | Build | Farm |
| 18:35 | Build | Farm |
| 18:40 | Build | Farm |
| 18:42 | Create | Villager (Male) |
| 18:43 | Create | Villager (Male) |
| 18:54 | Create | Villager (Male) |
| 18:55 | Create | Villager (Male) |
| 19:46 | Build | Castle |
| 19:49 | Build | Mining Camp |
| 19:51 | Create | Villager (Male) |
| 19:52 | Create | Villager (Male) |
| 19:53 | Create | Villager (Male) |
| 19:53 | Create | Villager (Male) |
| 19:58 | Build | House |
| 20:05 | Build | House |
| 20:06 | Build | House |
| 20:11 | Research | Double-Bit Axe |
| 20:32 | Research | Heavy Plow |
| 20:43 | Create | Villager (Male) |
| 21:10 | Create | Villager (Male) |
| 21:10 | Create | Villager (Male) |
| 21:26 | Create | Villager (Male) |
| 21:31 | Create | Villager (Male) |
| 21:34 | Create | Mangudai ×5 |
| 22:14 | Create | Villager (Male) |
| 22:15 | Create | Villager (Male) |
| 22:26 | Create | Villager (Male) |
| 22:30 | Create | Villager (Male) |
| 22:43 | Create | Villager (Male) |
| 22:43 | Create | Villager (Male) |
| 23:06 | Build | Farm |
| 23:07 | Build | Farm |
| 23:09 | Build | Farm |
| 23:10 | Build | Farm |
| 23:23 | Build | Farm |
| 23:24 | Build | Farm |
| 23:26 | Build | Farm |
| 23:28 | Create | Villager (Male) |
| 23:28 | Create | Villager (Male) |
| 23:38 | Create | Mangudai |
| 23:39 | Create | Mangudai |
| 23:48 | Build | Mining Camp |
| 23:55 | Create | Villager (Male) |
| 23:55 | Create | Villager (Male) |
| 23:57 | Create | Villager (Male) |
| 23:57 | Create | Villager (Male) |
| 24:08 | Build | Farm |
| 24:17 | Build | Farm |
| 24:24 | Create | Villager (Male) |
| 24:24 | Create | Villager (Male) |
| 24:36 | Create | Mangudai |
| 24:37 | Create | Mangudai |
| 24:44 | Research | Fletching |
| 24:46 | Create | Villager (Male) |
| 24:46 | Create | Villager (Male) |
| 25:15 | Create | Villager (Male) |
| 25:15 | Create | Villager (Male) |
| 25:27 | Build | Town Center |
| 25:37 | Create | Villager (Male) |
| 25:37 | Create | Villager (Male) |
| 25:41 | Research | Gold Shaft Mining |
| 26:22 | Create | Mangudai |
| 26:22 | Create | Mangudai |
| 26:39 | Create | Villager (Male) |
| 26:40 | Create | Villager (Male) |
| 26:40 | Create | Villager (Male) |
| 26:46 | Create | Villager (Male) |
| 26:46 | Create | Villager (Male) |
| 26:48 | Create | Villager (Male) |
| 26:52 | Build | House |
| 26:54 | Build | House |
| 26:55 | Build | House |
| 26:56 | Build | House |
| 26:57 | Build | House |
| 27:07 | Build | Farm |
| 27:11 | Create | Villager (Male) |
| 27:11 | Create | Villager (Male) |
Build order — 826477292
First 150 of 988 actions detected
| 0:02 | Create | Villager (Male) |
| 0:02 | Create | Villager (Male) |
| 0:03 | Create | Villager (Male) |
| 0:03 | Create | Villager (Male) |
| 0:03 | Create | Villager (Male) |
| 0:11 | Build | House |
| 0:34 | Research | Loom |
| 0:48 | Build | House |
| 0:49 | Build | House |
| 0:50 | Build | House |
| 1:54 | Create | Villager (Male) |
| 1:54 | Create | Villager (Male) |
| 2:40 | Create | Villager (Male) |
| 2:40 | Create | Villager (Male) |
| 2:58 | Create | Villager (Male) |
| 2:58 | Create | Villager (Male) |
| 3:33 | Create | Villager (Male) |
| 3:33 | Create | Villager (Male) |
| 4:00 | Create | Villager (Male) |
| 4:15 | Build | Lumber Camp |
| 4:28 | Create | Villager (Male) |
| 4:59 | Build | Mill |
| 5:06 | Create | Villager (Male) |
| 5:33 | Create | Villager (Male) |
| 5:33 | Create | Villager (Male) |
| 5:59 | Create | Villager (Male) |
| 6:00 | Create | Villager (Male) |
| 6:18 | Create | Villager (Male) |
| 6:42 | Create | Villager (Male) |
| 6:58 | Create | Villager (Male) |
| 7:19 | Build | House |
| 7:41 | Create | Villager (Male) |
| 7:45 | Build | Mining Camp |
| 7:48 | Create | Villager (Male) |
| 8:13 | Build | Mining Camp |
| 8:32 | Create | Villager (Male) |
| 8:40 | Create | Villager (Male) |
| 9:02 | Create | Villager (Male) |
| 9:49 | Create | Villager (Male) |
| 10:18 | Research | Feudal Age |
| 11:48 | Build | House |
| 12:28 | Age | Feudal Age |
| 12:31 | Create | Villager (Male) |
| 12:34 | Create | Villager (Male) |
| 12:42 | Build | Market |
| 12:50 | Build | Mill |
| 13:00 | Create | Villager (Male) |
| 13:28 | Create | Villager (Male) |
| 13:35 | Research | Horse Collar |
| 13:53 | Build | Blacksmith |
| 13:59 | Create | Villager (Male) |
| 14:25 | Create | Villager (Male) |
| 14:39 | Build | Farm |
| 14:48 | Build | Barracks |
| 15:06 | Build | Farm |
| 15:07 | Create | Villager (Male) |
| 15:38 | Build | Farm |
| 15:44 | Create | Villager (Male) |
| 15:52 | Build | Archery Range |
| 15:58 | Build | Farm |
| 16:04 | Build | Farm |
| 16:13 | Build | Farm |
| 16:29 | Research | Castle Age |
| 16:36 | Build | Farm |
| 16:38 | Build | Farm |
| 16:40 | Build | Farm |
| 16:53 | Build | House |
| 16:59 | Create | Skirmisher |
| 16:59 | Create | Skirmisher |
| 17:00 | Create | Skirmisher |
| 17:12 | Research | Stone Mining |
| 18:00 | Build | Lumber Camp |
| 18:08 | Create | Skirmisher |
| 18:20 | Build | House |
| 18:22 | Build | House |
| 18:31 | Research | Gold Mining |
| 18:49 | Create | Skirmisher |
| 19:09 | Age | Castle Age |
| 19:29 | Research | Elite Skirmisher (upgrade) |
| 19:37 | Research | Double-Bit Axe |
| 20:02 | Build | Castle |
| 20:06 | Create | Villager (Male) |
| 20:15 | Build | Town Center |
| 20:18 | Create | Villager (Male) |
| 20:18 | Create | Villager (Male) |
| 20:37 | Create | Skirmisher |
| 20:37 | Create | Skirmisher |
| 20:38 | Create | Skirmisher |
| 20:46 | Research | Bow Saw |
| 20:51 | Create | Villager (Male) |
| 20:51 | Create | Villager (Male) |
| 21:28 | Create | Villager (Male) |
| 21:45 | Create | Villager (Male) |
| 21:53 | Create | Villager (Male) |
| 22:10 | Build | Town Center |
| 22:13 | Create | Villager (Male) |
| 22:25 | Create | Villager (Male) |
| 22:43 | Create | Villager (Male) |
| 22:43 | Create | Villager (Male) |
| 22:53 | Build | Farm |
| 23:06 | Build | Farm |
| 23:07 | Build | Farm |
| 23:07 | Build | Farm |
| 23:07 | Build | Farm |
| 23:08 | Build | Farm |
| 23:08 | Build | Farm |
| 23:08 | Build | Farm |
| 23:08 | Build | Farm |
| 23:09 | Build | Farm |
| 23:12 | Create | Villager (Male) |
| 23:12 | Create | Villager (Male) |
| 23:13 | Create | Villager (Male) |
| 23:46 | Build | Farm |
| 23:48 | Create | Villager (Male) |
| 23:59 | Build | Farm |
| 24:02 | Create | Villager (Male) |
| 24:05 | Create | Villager (Male) |
| 24:10 | Create | Villager (Male) |
| 24:10 | Create | Villager (Male) |
| 24:30 | Build | Farm |
| 24:34 | Create | Villager (Male) |
| 24:34 | Create | Villager (Male) |
| 24:40 | Build | Farm |
| 24:41 | Create | Villager (Male) |
| 24:42 | Create | Villager (Male) |
| 24:46 | Build | Farm |
| 24:47 | Create | Villager (Male) |
| 25:04 | Build | Farm |
| 25:05 | Create | Villager (Male) |
| 25:32 | Create | Huskarl |
| 25:32 | Create | Huskarl |
| 25:32 | Create | Huskarl |
| 25:33 | Create | Huskarl |
| 25:33 | Create | Huskarl |
| 25:40 | Build | Farm |
| 25:43 | Build | Farm |
| 25:45 | Build | Farm |
| 25:48 | Create | Villager (Male) |
| 25:52 | Create | Villager (Male) |
| 25:52 | Create | Villager (Male) |
| 25:54 | Create | Villager (Male) |
| 26:15 | Build | Farm |
| 26:18 | Build | Farm |
| 26:19 | Create | Villager (Male) |
| 26:38 | Create | Huskarl |
| 26:39 | Create | Huskarl |
| 26:39 | Create | Huskarl |
| 26:39 | Create | Huskarl |
| 26:40 | Create | Huskarl |
| 26:44 | Build | Farm |
Build order — Winston
First 150 of 412 actions detected
| 0:11 | Build | House |
| 0:16 | Create | Villager (Male) |
| 0:16 | Create | Villager (Male) |
| 0:16 | Create | Villager (Male) |
| 0:27 | Create | Villager (Male) |
| 0:42 | Build | House |
| 1:55 | Create | Villager (Male) |
| 1:55 | Create | Villager (Male) |
| 2:49 | Create | Villager (Male) |
| 2:49 | Create | Villager (Male) |
| 3:27 | Create | Villager (Male) |
| 4:17 | Build | House |
| 4:29 | Create | Villager (Male) |
| 4:30 | Create | Villager (Male) |
| 4:53 | Create | Villager (Male) |
| 4:54 | Create | Villager (Male) |
| 5:10 | Build | Mill |
| 6:08 | Create | Villager (Male) |
| 6:37 | Create | Villager (Male) |
| 6:38 | Create | Villager (Male) |
| 7:10 | Build | Lumber Camp |
| 7:16 | Create | Villager (Male) |
| 7:46 | Research | Loom |
| 8:25 | Build | Mining Camp |
| 8:46 | Research | Feudal Age |
| 9:52 | Build | Barracks |
| 10:56 | Age | Feudal Age |
| 11:18 | Create | Villager (Male) |
| 11:19 | Create | Villager (Male) |
| 11:23 | Build | House |
| 11:42 | Build | Town Center |
| 11:46 | Create | Villager (Male) |
| 11:46 | Create | Villager (Male) |
| 11:53 | Build | House |
| 12:42 | Create | Villager (Male) |
| 12:51 | Create | Villager (Male) |
| 12:55 | Research | Double-Bit Axe |
| 12:56 | Research | Horse Collar |
| 13:47 | Create | Villager (Male) |
| 13:47 | Create | Villager (Male) |
| 13:57 | Create | Villager (Male) |
| 13:58 | Create | Villager (Male) |
| 13:59 | Create | Villager (Male) |
| 14:01 | Create | Villager (Male) |
| 14:04 | Build | House |
| 14:17 | Build | Farm |
| 14:31 | Build | Farm |
| 14:36 | Create | Villager (Male) |
| 14:54 | Build | Farm |
| 14:56 | Build | Farm |
| 15:06 | Create | Villager (Male) |
| 15:08 | Create | Villager (Male) |
| 15:08 | Create | Villager (Male) |
| 15:21 | Build | Farm |
| 15:47 | Create | Villager (Male) |
| 15:48 | Create | Villager (Male) |
| 15:55 | Create | Villager (Male) |
| 15:57 | Create | Villager (Male) |
| 16:14 | Build | Market |
| 16:43 | Create | Villager (Male) |
| 16:43 | Create | Villager (Male) |
| 16:55 | Build | Farm |
| 17:13 | Build | House |
| 17:16 | Build | Farm |
| 17:23 | Create | Spearman |
| 17:25 | Create | Spearman |
| 17:33 | Create | Villager (Male) |
| 17:36 | Research | Wheelbarrow |
| 17:36 | Research | Wheelbarrow |
| 17:38 | Build | Farm |
| 17:42 | Build | House |
| 18:03 | Build | House |
| 18:16 | Build | Blacksmith |
| 18:22 | Create | Villager (Male) |
| 18:22 | Create | Villager (Male) |
| 18:23 | Create | Villager (Male) |
| 18:25 | Create | Villager (Male) |
| 18:25 | Create | Villager (Male) |
| 18:30 | Build | House |
| 18:40 | Build | Lumber Camp |
| 18:50 | Build | Farm |
| 18:59 | Create | Spearman |
| 19:06 | Build | House |
| 19:31 | Create | Spearman |
| 19:37 | Build | Barracks |
| 19:43 | Build | House |
| 19:47 | Build | Farm |
| 19:49 | Build | Farm |
| 19:54 | Create | Villager (Male) |
| 19:54 | Create | Villager (Male) |
| 20:15 | Build | House |
| 20:38 | Build | Mill |
| 20:48 | Build | House |
| 20:53 | Build | Farm |
| 20:56 | Build | Farm |
| 20:57 | Create | Villager (Male) |
| 20:59 | Create | Villager (Male) |
| 21:11 | Create | Villager (Male) |
| 21:23 | Build | House |
| 21:29 | Build | Farm |
| 21:54 | Build | House |
| 22:32 | Build | House |
| 23:09 | Research | Castle Age |
| 23:12 | Create | Villager (Male) |
| 23:13 | Create | Villager (Male) |
| 23:16 | Build | Farm |
| 23:20 | Create | Villager (Male) |
| 23:24 | Build | Farm |
| 23:40 | Create | Villager (Male) |
| 23:42 | Create | Villager (Male) |
| 23:50 | Build | Farm |
| 23:55 | Build | Farm |
| 24:03 | Build | Farm |
| 24:13 | Build | Outpost |
| 24:27 | Create | Villager (Male) |
| 24:35 | Create | Militia |
| 24:36 | Create | Militia |
| 24:37 | Create | Militia |
| 24:37 | Create | Militia |
| 24:51 | Research | Scale Mail Armor |
| 24:58 | Research | Man-at-Arms (upgrade) |
| 25:02 | Create | Spearman |
| 25:41 | Build | Archery Range |
| 25:49 | Age | Castle Age |
| 25:53 | Research | Squires |
| 25:57 | Research | Pikeman (upgrade) |
| 26:03 | Build | Archery Range |
| 26:29 | Create | Villager (Male) |
| 26:29 | Create | Villager (Male) |
| 26:31 | Create | Villager (Male) |
| 26:37 | Research | Elite Skirmisher (upgrade) |
| 26:57 | Create | Skirmisher |
| 26:57 | Create | Skirmisher |
| 26:58 | Create | Skirmisher |
| 27:09 | Build | Town Center |
| 27:18 | Research | Fletching |
| 27:41 | Research | Long Swordsman (upgrade) |
| 27:44 | Create | Militia |
| 27:45 | Create | Militia |
| 27:45 | Create | Militia |
| 28:08 | Create | Skirmisher |
| 28:09 | Create | Skirmisher |
| 28:10 | Create | Skirmisher |
| 28:10 | Create | Skirmisher |
| 28:11 | Create | Skirmisher |
| 28:19 | Create | Villager (Male) |
| 28:19 | Create | Villager (Male) |
| 28:26 | Create | Villager (Male) |
| 28:31 | Research | Bow Saw |
| 28:35 | Build | Farm |
Match timeline
| 9:37 | 不会玩 · age_up feudal |
| 9:37 | MatteMaxiBoi · first_building Barracks |
| 9:52 | Winston · first_building Barracks |
| 10:40 | XxjesulizxX · age_up feudal |
| 10:56 | Winston · age_up feudal |
| 10:56 | h1590 · age_up feudal |
| 11:02 | boyar.siege · age_up feudal |
| 11:06 | MatteMaxiBoi · age_up feudal |
| 12:28 | 826477292 · age_up feudal |
| 12:39 | MatteMaxiBoi · first_building Stable |
| 12:51 | 不会玩 · first_market_buy 100 food |
| 13:14 | 不会玩 · first_market_sell 100 wood |
| 13:23 | changsel · age_up feudal |
| 14:15 | 不会玩 · first_building Barracks |
| 14:48 | 826477292 · first_building Barracks |
| 15:14 | h1590 · age_up castle |
| 15:25 | 不会玩 · first_building Stable |
| 15:43 | 不会玩 · age_up castle |
| 15:52 | 826477292 · first_building Archery Range |
| 16:16 | h1590 · first_building Monastery |
| 16:17 | boyar.siege · age_up castle |
| 16:23 | 不会玩 · first_building Monastery |
| 17:05 | MatteMaxiBoi · age_up castle |
| 17:19 | changsel · wall_segment Stone Wall x17 |
| 18:03 | changsel · age_up castle |
| 19:09 | 826477292 · age_up castle |
| 19:32 | MatteMaxiBoi · first_market_buy 100 stone |
| 19:35 | MatteMaxiBoi · first_market_sell 100 food |
| 19:39 | changsel · wall_segment Stone Wall x17 |
| 19:46 | boyar.siege · first_building Castle |
| 19:54 | XxjesulizxX · age_up castle |
| 19:57 | changsel · wall_segment Stone Wall x6 |
| 20:02 | 826477292 · first_building Castle |
| 20:19 | MatteMaxiBoi · first_building Castle |
| 20:27 | XxjesulizxX · first_market_sell 100 food |
| 20:28 | XxjesulizxX · first_market_buy 100 stone |
| 21:24 | XxjesulizxX · first_building Barracks |
| 21:48 | h1590 · first_building Barracks |
| 21:54 | changsel · first_building Castle |
| 21:59 | boyar.siege · tribute_sent a jugador 1 |
| 21:59 | boyar.siege · tribute_sent a jugador 2 |
| 21:59 | boyar.siege · tribute_sent a jugador 3 |
| 21:59 | boyar.siege · tribute_sent a jugador 4 |
| 21:59 | boyar.siege · tribute_sent a jugador 5 |
| 21:59 | boyar.siege · tribute_sent a jugador 7 |
| 21:59 | boyar.siege · tribute_sent a jugador 8 |
| 22:28 | h1590 · first_building Castle |
| 22:29 | XxjesulizxX · first_building Stable |
| 23:07 | changsel · first_building Monastery |
| 23:25 | changsel · wall_segment Stone Wall x15 |
| 24:21 | 不会玩 · first_building Castle |
| 24:42 | changsel · wall_segment Stone Wall x16 |
| 25:41 | Winston · first_building Archery Range |
| 25:49 | Winston · age_up castle |
| 27:27 | changsel · wall_segment Stone Wall x1 |
| 27:35 | changsel · wall_segment Stone Wall x1 |
| 28:11 | h1590 · first_market_buy 100 food |
| 28:18 | XxjesulizxX · first_building Monastery |
| 28:35 | 不会玩 · age_up imperial |
| 30:28 | Winston · first_building Castle |
| 31:19 | 826477292 · first_market_sell 500 wood |
| 31:23 | h1590 · first_building Stable |
| 31:30 | changsel · first_building Barracks |
| 31:43 | h1590 · age_up imperial |
| 31:48 | boyar.siege · first_market_buy 100 food |
| 31:55 | XxjesulizxX · first_building Castle |
| 32:32 | boyar.siege · first_building Barracks |
| 32:51 | MatteMaxiBoi · age_up imperial |
| 33:38 | XxjesulizxX · age_up imperial |
| 33:45 | changsel · wall_segment Stone Wall x26 |
| 33:49 | boyar.siege · first_building Stable |
| 34:42 | 826477292 · age_up imperial |
| 34:45 | Winston · first_building Siege Workshop |
| 35:13 | boyar.siege · age_up imperial |
| 35:42 | 826477292 · first_market_buy 100 food |
| 38:04 | changsel · age_up imperial |
| 38:23 | 不会玩 · first_building Archery Range |
| 38:28 | Winston · age_up imperial |
| 38:40 | boyar.siege · first_building Archery Range |
| 40:51 | Winston · first_building Stable |
| 42:32 | changsel · wall_segment Stone Wall x9 |
| 44:10 | Winston · first_building Monastery |
| 47:11 | Winston · wall_segment Palisade Wall x2 |
| 49:18 | boyar.siege · first_market_sell 500 wood |
| 50:00 | changsel · resign |
| 54:29 | h1590 · first_market_sell 100 food |
| 54:49 | 不会玩 · first_building Siege Workshop |
| 57:46 | 826477292 · first_building Siege Workshop |
[ AI ANALYSIS · 1 CREDIT ]
What really happened in this match?
Wolo.gg analyzes every decision: build order, eco, micro, common mistakes by bracket. Personalized analysis on WhatsApp or Discord in 30 seconds.
Civ guide
Persians
Perfil
Jugador #25005646